 Dungeon Crawl Stone Soup version 0.19.0-20-gbc5f0c6 (webtiles) character file.

1348 Nimsei the Cudgeler (level 8, -1/60 HPs)
             Began as a Demonspawn Gladiator on Nov 17, 2016.
             Was a Believer of Nemelex Xobeh.
             Killed from afar by a hound (24 damage)
             ... with an exploding inner flame
             ... hexed by the player character
             ... on level 7 of the Dungeon.
             The game lasted 00:42:50 (3924 turns).

Nimsei the Cudgeler (Demonspawn Gladiator)          Turns: 3924, Time: 00:42:51

Health: -1/60      AC:  9    Str: 18    XL:     8   Next: 36%
Magic:  8/8        EV:  8    Int:  9    God:    Nemelex Xobeh [**....]
Gold:   315        SH: 12    Dex: 14    Spells: 0 memorised, 7 levels left

rFire  . . .     SeeInvis +     w - +2 whip (flame)
rCold  . . .     Gourm    .     n - +4 ring mail {MR+}
rNeg   . . .     Faith    .     u - +0 large shield
rPois  +         Spirit   .     (helmet restricted)
rElec  .         Reflect  .     (no cloak)
rCorr  .         Harm     .     (no gloves)
MR     +....                    (no boots)
Stlth  ++++......               (no amulet)
                                s - ring of poison resistance
                                h - ring of see invisible

@: no status effects
A: claws 1, horns 1, talons 1, nightstalker 2
a: Renounce Religion


You were on level 7 of the Dungeon.
You worshipped Nemelex Xobeh.
Nemelex Xobeh was pleased with you.
You were not hungry.

You visited 2 branches of the dungeon, and saw 8 of its levels.
You also visited: Sewer.

You collected 315 gold pieces.

Inventory:

Hand Weapons
 a - a +1 flail
 c - a cursed -3 trident
 k - a cursed -1 mace
 r - a +2 mace of protection
 v - a +2 hunting sling of freezing
 w - a +2 whip of flaming (weapon)
Missiles
 d - 3 throwing nets (quivered)
Armour
 m - a +0 chain mail
 n - a +4 ring mail of magic resistance (worn)
 u - a +0 large shield (worn)
Jewellery
 h - a ring of see invisible (left claw)
 s - a ring of poison resistance (right claw)
Wands
 l - a wand of digging (8/24)
Scrolls
 j - 5 scrolls of remove curse
 q - a scroll of teleportation
 x - a scroll of recharging
 y - a scroll of fear
 A - a scroll of amnesia {unknown}
Potions
 e - 2 potions of heal wounds
 g - a potion of resistance {unknown}
 p - 4 potions of brilliance
 t - 2 potions of curing {unknown}
 B - a potion of agility {unknown}
Miscellaneous
 i - an ornate deck of destruction {drawn: 2}
 o - an ornate deck of destruction {drawn: 3}
Comestibles
 b - a beef jerky
 f - 2 bread rations


   Skills:
 + Level 3.9 Fighting
 + Level 6.6 Maces & Flails
 + Level 1.8 Throwing
 + Level 3.2 Armour
 + Level 4.6 Dodging
 + Level 2.8 Stealth
 + Level 1.3 Shields
 + Level 1.1 Invocations
 + Level 0.6 Evocations


You had 7 spell levels left.
You didn't know any spells.

Dungeon Overview and Level Annotations

Branches:
Dungeon (7/15)             Temple (1/1) D:4

Altars:
Ashenzari
Cheibriados
Elyvilon
Fedhas
Gozag
Hepliaklqana
Kikubaaqudgha
Makhleb
Nemelex Xobeh
Okawaru
Qazlal
Ru
Sif Muna
Trog
Uskayaw
Vehumet
Xom
Yredelemnul
Zin
The Shining One


Innate Abilities, Weirdness & Mutations

You have sharp fingernails.
You have a pair of small horns on your head.
You have sharp toenails.
You are significantly more attuned to the shadows.


Message History

The hound bites you but does no damage. The crimson imp closely misses you.
The quokka barely misses you. The hound barely misses you. The orc hits you.
You miss the crimson imp.
The crimson imp is severely wounded.
You block the hound's attack.
The crimson imp hits you but does no damage.
The quokka bites you but does no damage.
The orc closely misses you.
You hit the crimson imp.
The crimson imp explodes!
The fiery explosion engulfs you!
You are engulfed in roaring flames.
The hound bites you.
The quokka bites you but does no damage.
The hound bites you but does no damage.
You miss the hound. You claw the hound, but do no damage.
You headbutt the hound.
The hound explodes!
The fiery explosion engulfs you!
You die...
Your body glows slightly and disappears.

...........#
...........$#
............+
............###########
.....o§§§...#..........
....§§@§§...'.........#
....§r§§§#+##....####.<
.....##### #....####..
(.... ###..†..#.. .....
#####.#.. ##### #....
####### ###############
#...... #.............#
#.#####


You could see an orc (inner flame) and a quokka (inner flame).

Vanquished Creatures
  A slave (D:5)
  2 ogres
  A bullfrog (D:6)
  Blork the orc (D:5)
  A crimson imp (D:7)
  A jelly (D:6)
  A bullfrog skeleton (D:7)
  2 hounds
  An iguana (D:5)
  2 orc wizards
  Jessica (D:3)
  3 worker ants
  A killer bee zombie (D:5)
  4 gnolls (D:4)
  5 adders
  4 worms
  A dart slug (D:2)
  6 leopard geckos
  17 orcs
  4 giant cockroaches
  7 goblins
  3 hobgoblins
  8 jackals
  12 kobolds
  A quokka (D:6)
  9 bats
  5 frilled lizards
  A quokka skeleton (D:4)
  11 rats
  2 fungi (D:4)
118 creatures vanquished.

Vanquished Creatures (collateral kills)
  An adder (D:4)
  A bat (D:4)
2 creatures vanquished.

Vanquished Creatures (others)
  Pikel (D:5)
  2 slaves (D:5)
  An orc priest (D:5)
  A ball lightning (D:5)
  2 orcs (D:5)
  A quokka zombie (D:5)
8 creatures vanquished.

Grand Total: 128 creatures vanquished

Notes
Turn   | Place    | Note
-------+----------+-------------------------------------------
     0 | D:1      | Nimsei the Demonspawn Gladiator began the quest for the Orb.
     0 | D:1      | Reached XP level 1. HP: 16/16 MP: 1/1
   113 | D:1      | Gained mutation: You are slightly more attuned to the shadows. [demonic ancestry]
   113 | D:1      | Reached XP level 2. HP: 16/22 MP: 2/2
   369 | D:1      | Reached skill level 3 in Maces & Flails
   508 | D:1      | Reached XP level 3. HP: 21/27 MP: 3/3
  1136 | D:3      | Reached skill level 1 in Stealth
  1136 | D:3      | Gained mutation: You have a pair of small horns on your head. [demonic ancestry]
  1136 | D:3      | Reached XP level 4. HP: 32/33 MP: 4/4
  1366 | D:3      | Reached skill level 1 in Armour
  1399 | D:3      | Found a sparkling altar of Nemelex Xobeh.
  1399 | D:3      | Noticed Jessica
  1402 | D:3      | Killed Jessica
  1402 | D:3      | Reached skill level 4 in Maces & Flails
  1402 | D:3      | Reached XP level 5. HP: 35/38 MP: 5/5
  1412 | D:3      | Became a worshipper of Nemelex Xobeh the Trickster
  1420 | D:3      | Received a gift from Nemelex Xobeh
  1806 | D:4      | Found a staircase to the Ecumenical Temple.
  1820 | Temple   | Entered the Ecumenical Temple
  2070 | D:4      | Received a gift from Nemelex Xobeh
  2079 | D:4      | Found a sacrificial altar of Ru.
  2364 | D:4      | Gained mutation: You are significantly more attuned to the shadows. [demonic ancestry]
  2364 | D:4      | Reached XP level 6. HP: 21/46 MP: 6/6
  2552 | D:5      | Entered Level 5 of the Dungeon
  2552 | D:5      | Reached * piety under Nemelex Xobeh
  2863 | D:5      | Noticed a slave
  2865 | D:5      | Noticed a slave
  2866 | D:5      | Noticed Pikel
  2868 | D:5      | Noticed a slave
  2871 | D:5      | Noticed a slave
  2873 | D:5      | Reached skill level 5 in Maces & Flails
  2873 | D:5      | Killed Pikel
  2873 | D:5      | Reached skill level 6 in Maces & Flails
  2873 | D:5      | Gained mutation: You have sharp fingernails. [demonic ancestry]
  2873 | D:5      | Reached XP level 7. HP: 31/52 MP: 7/7
  2886 | D:5      | Noticed Blork the orc
  2898 | D:5      | Killed Blork the orc
  2898 | D:5      | Gained mutation: You have sharp toenails. [demonic ancestry]
  2898 | D:5      | Reached XP level 8. HP: 27/58 MP: 8/8
  2941 | D:5      | Found a blossoming altar of Fedhas.
  2941 | D:5      | Found an opulent altar of Gozag.
  3098 | D:5      | Found a deep blue altar of Sif Muna.
  3179 | D:6      | Found a glowing drain.
  3207 | Sewer    | Entered a sewer
  3447 | D:6      | Reached skill level 1 in Invocations
  3735 | D:6      | Reached skill level 1 in Shields
  3736 | D:6      | Reached ** piety under Nemelex Xobeh
  3924 | D:7      | Killed from afar by a hound

Skill      XL: |  1  2  3  4  5  6  7  8 |
---------------+-------------------------+-----
Dodging        | 3 4 |  4.6
Maces & Flails | 3 4 6 |  6.6
Stealth        | 1 2 |  2.8
Armour         | 1 2 3 |  3.2
Fighting       | 3 |  3.9
Invocations    | 1 |  1.1
Shields        | 1 |  1.3
Throwing       | |  1.8
Evocations     | |  0.6

Action                   |  1- 3 |  4- 6 |  7- 9 || total
-------------------------+-------+-------+-------++-------
Melee: Flail             |    83 |   103 |       ||   186
       Headbutt          |       |    28 |    19 ||    47
       Mace              |       |    44 |    10 ||    54
       Whip              |       |       |   147 ||   147
       Kick              |       |       |    42 ||    42
Evoke: Deck              |       |     4 |     1 ||     5
       Wand              |       |     1 |     1 ||     2
  Use: Scroll            |     7 |     5 |     4 ||    16
       Potion            |       |     1 |       ||     1
 Stab: Sleeping          |     6 |     2 |     2 ||    10
       Distracted        |     1 |       |       ||     1
  Eat: Chunk             |       |     2 |       ||     2
       Bread ration      |       |     1 |     1 ||     2
       Pizza             |       |     1 |       ||     1
Armor: Leather armour    |    29 |       |       ||    29
       Ring mail         |     8 |    52 |    51 ||   111
Dodge: Dodged            |    75 |    84 |    60 ||   219
Block: Large shield      |       |    10 |   102 ||   112
